[ AOE2 MATCH · #506222170 ]
UnrankedItalians vs Franks
Player's team · LOSS
Rival team · WIN
[ REPLAY ANALYSIS · EXTRACTED FROM THE RECORDED GAME ]
Feudal
8:53
Castle
21:10
Imperial
—
| APM avg | 62.2 |
| APM peak | 128 |
| eAPM avg | 27.0 |
| Villagers / military | 119 / 89 |
Focus
⚔️ 38.8% · 🌾 61.2%
Genoese Crossbowman ×39 · Spearman ×27 · Archer ×14 · Battering Ram ×6 · Knight ×2 · Monk ×1
Feudal
9:25
Castle
34:37
Imperial
42:08
| APM avg | 46.1 |
| APM peak | 81 |
| eAPM avg | 19.5 |
| Villagers / military | 125 / 114 |
Focus
⚔️ 35.7% · 🌾 64.3%
Scout Cavalry ×65 · Knight ×30 · Trebuchet (Packed) ×11 · Spearman ×4 · Monk ×2 · Petard ×2
Match map
Initial resources + every placement click. Lines = walls · curves = elevation contours. ◆ gold · ⬟ stone · ● berries · ✦ relic · ◌ wall gap
Your base· ✓ Closed at 21:10 · 40t walls · no gate
hK | triunFo's base· Open — opponent sealed themselves in
Smoothed initial terrain · ◌ = detected wall gap · hover for details
Inputs per minute
— PigeonOnABrick - - hK | triunFo
Build order — PigeonOnABrick
First 150 of 351 actions detected
| 0:00 | Queue | Villager (Male) |
| 0:01 | Queue | Villager (Male) |
| 0:02 | Build | House |
| 0:03 | Build | House |
| 0:10 | Queue | Villager (Male) |
| 0:10 | Queue | Villager (Male) |
| 1:35 | Queue | Villager (Male) |
| 1:59 | Queue | Villager (Male) |
| 2:05 | Build | Lumber Camp |
| 2:30 | Queue | Villager (Male) |
| 2:30 | Queue | Villager (Male) |
| 3:11 | Queue | Villager (Male) |
| 3:26 | Build | House |
| 3:44 | Queue | Villager (Male) |
| 4:11 | Build | Mill |
| 4:13 | Queue | Villager (Male) |
| 4:22 | Queue | Villager (Male) |
| 4:51 | Queue | Villager (Male) |
| 5:15 | Queue | Villager (Male) |
| 5:29 | Queue | Villager (Male) |
| 5:32 | Research | Loom |
| 6:42 | Research | Feudal Age |
| 6:42 | Research | Feudal Age |
| 7:12 | Build | House |
| 7:17 | Queue | Villager (Male) |
| 7:53 | Build | Barracks |
| 8:26 | Build | Mining Camp |
| 8:53 | Age | Feudal Age |
| 8:58 | Queue | Villager (Male) |
| 9:05 | Build | Archery Range |
| 9:11 | Build | Palisade Wall |
| 9:22 | Queue | Villager (Male) |
| 9:38 | Research | Double-Bit Axe |
| 9:43 | Queue | Spearman |
| 9:55 | Queue | Villager (Male) |
| 10:01 | Queue | Villager (Male) |
| 10:31 | Build | Palisade Wall |
| 10:34 | Build | Palisade Wall |
| 10:37 | Build | House |
| 10:41 | Build | House |
| 10:43 | Queue | Archer |
| 10:45 | Queue | Archer |
| 10:48 | Build | Farm |
| 10:59 | Queue | Spearman |
| 11:02 | Build | Palisade Wall |
| 11:04 | Queue | Villager (Male) |
| 11:05 | Build | Palisade Wall |
| 11:10 | Queue | Villager (Male) |
| 11:14 | Build | House |
| 11:25 | Build | Farm |
| 11:27 | Build | Farm |
| 11:36 | Queue | Archer |
| 11:46 | Queue | Villager (Male) |
| 11:52 | Queue | Villager (Male) |
| 12:13 | Build | House |
| 12:21 | Build | Farm |
| 12:21 | Build | Farm |
| 12:22 | Queue | Archer |
| 12:26 | Queue | Villager (Male) |
| 12:26 | Queue | Villager (Male) |
| 12:31 | Build | Palisade Wall |
| 12:35 | Build | Palisade Wall |
| 13:02 | Build | Blacksmith |
| 13:05 | Build | Blacksmith |
| 13:11 | Queue | Villager (Male) |
| 13:34 | Build | Palisade Wall |
| 13:36 | Build | House |
| 13:45 | Queue | Villager (Male) |
| 13:50 | Queue | Archer |
| 13:51 | Build | Farm |
| 13:53 | Build | Farm |
| 14:10 | Build | Palisade Wall |
| 14:13 | Queue | Villager (Male) |
| 14:24 | Queue | Archer |
| 14:25 | Research | Fletching |
| 14:32 | Build | House |
| 14:47 | Build | Palisade Wall |
| 14:49 | Queue | Villager (Male) |
| 14:54 | Build | Farm |
| 14:57 | Build | Farm |
| 14:58 | Queue | Archer |
| 15:08 | Queue | Villager (Male) |
| 15:14 | Build | House |
| 15:17 | Build | Palisade Wall |
| 15:24 | Build | Farm |
| 15:27 | Build | Farm |
| 15:31 | Queue | Archer |
| 15:35 | Queue | Villager (Male) |
| 15:53 | Build | Farm |
| 15:56 | Build | Farm |
| 16:02 | Queue | Archer |
| 16:11 | Queue | Villager (Male) |
| 16:22 | Queue | Villager (Male) |
| 16:49 | Research | Padded Archer Armor |
| 16:51 | Build | Farm |
| 16:54 | Queue | Spearman |
| 17:04 | Queue | Archer |
| 17:06 | Queue | Villager (Male) |
| 17:13 | Queue | Villager (Male) |
| 17:52 | Queue | Villager (Male) |
| 17:52 | Queue | Villager (Male) |
| 18:07 | Queue | Archer |
| 18:12 | Build | Mining Camp |
| 18:18 | Build | Lumber Camp |
| 18:30 | Research | Castle Age |
| 18:46 | Queue | Villager (Male) |
| 19:30 | Queue | Spearman |
| 19:32 | Queue | Spearman |
| 19:35 | Build | Palisade Wall |
| 19:43 | Build | Farm |
| 19:55 | Queue | Spearman |
| 19:56 | Queue | Archer |
| 19:58 | Queue | Archer |
| 20:07 | Build | Farm |
| 20:08 | Build | Farm |
| 20:09 | Build | Farm |
| 20:14 | Build | Stable |
| 20:23 | Queue | Archer |
| 20:57 | Build | Watch Tower |
| 21:03 | Queue | Spearman |
| 21:10 | Age | Castle Age |
| 21:10 | Research | Scale Barding Armor |
| 21:12 | Queue | Knight |
| 21:18 | Build | Siege Workshop |
| 21:39 | Queue | Villager (Male) |
| 21:41 | Queue | Villager (Male) |
| 21:54 | Queue | Knight |
| 21:56 | Queue | Villager (Male) |
| 22:00 | Queue | Spearman |
| 22:06 | Queue | Spearman |
| 22:22 | Queue | Spearman |
| 22:36 | Queue | Spearman |
| 22:36 | Queue | Spearman |
| 23:00 | Queue | Spearman |
| 23:15 | Queue | Villager (Male) |
| 23:39 | Queue | Villager (Male) |
| 23:50 | Queue | Spearman |
| 24:01 | Queue | Villager (Male) |
| 24:03 | Queue | Spearman |
| 24:16 | Research | Scale Mail Armor |
| 24:24 | Queue | Villager (Male) |
| 24:35 | Queue | Spearman |
| 24:38 | Queue | Spearman |
| 24:38 | Queue | Spearman |
| 24:41 | Build | Monastery |
| 25:01 | Build | Farm |
| 25:01 | Build | Farm |
| 25:09 | Build | Market |
| 25:18 | Build | Mining Camp |
| 25:29 | Build | House |
Build order — hK | triunFo
First 150 of 382 actions detected
| 0:00 | Queue | Villager (Male) |
| 0:00 | Queue | Villager (Male) |
| 0:01 | Queue | Villager (Male) |
| 0:01 | Queue | Villager (Male) |
| 0:01 | Queue | Villager (Male) |
| 0:05 | Build | House |
| 1:21 | Build | House |
| 1:22 | Build | House |
| 1:28 | Queue | Villager (Male) |
| 2:02 | Queue | Villager (Male) |
| 2:22 | Queue | Villager (Male) |
| 2:51 | Queue | Villager (Male) |
| 3:00 | Build | Lumber Camp |
| 3:10 | Queue | Villager (Male) |
| 3:30 | Queue | Villager (Male) |
| 3:51 | Queue | Villager (Male) |
| 4:15 | Queue | Villager (Male) |
| 4:43 | Queue | Villager (Male) |
| 5:09 | Queue | Villager (Male) |
| 5:10 | Queue | Villager (Male) |
| 5:10 | Queue | Villager (Male) |
| 6:22 | Build | Mill |
| 6:34 | Research | Loom |
| 6:35 | Research | Loom |
| 7:15 | Research | Feudal Age |
| 7:15 | Research | Feudal Age |
| 8:00 | Build | House |
| 8:01 | Build | House |
| 8:51 | Build | House |
| 8:59 | Build | Barracks |
| 9:08 | Queue | Villager (Male) |
| 9:16 | Queue | Villager (Male) |
| 9:25 | Age | Feudal Age |
| 9:30 | Research | Double-Bit Axe |
| 9:53 | Build | Stable |
| 10:03 | Queue | Villager (Male) |
| 10:04 | Queue | Villager (Male) |
| 11:06 | Queue | Villager (Male) |
| 11:16 | Queue | Villager (Male) |
| 11:17 | Queue | Scout Cavalry |
| 11:18 | Queue | Scout Cavalry |
| 11:18 | Queue | Scout Cavalry |
| 11:27 | Queue | Scout Cavalry |
| 11:27 | Queue | Scout Cavalry |
| 11:27 | Queue | Scout Cavalry |
| 11:28 | Queue | Scout Cavalry |
| 11:43 | Build | House |
| 11:59 | Queue | Villager (Male) |
| 11:59 | Queue | Villager (Male) |
| 12:00 | Queue | Villager (Male) |
| 12:00 | Queue | Villager (Male) |
| 12:00 | Queue | Villager (Male) |
| 12:25 | Build | Farm |
| 12:25 | Build | Farm |
| 12:26 | Build | Farm |
| 12:27 | Build | Farm |
| 12:29 | Build | Farm |
| 12:36 | Build | House |
| 12:37 | Queue | Villager (Male) |
| 12:38 | Queue | Villager (Male) |
| 12:38 | Queue | Villager (Male) |
| 12:38 | Queue | Villager (Male) |
| 12:47 | Build | House |
| 12:48 | Build | House |
| 12:54 | Build | Farm |
| 12:54 | Queue | Villager (Male) |
| 12:54 | Queue | Villager (Male) |
| 13:13 | Build | Blacksmith |
| 13:30 | Queue | Villager (Male) |
| 13:30 | Queue | Villager (Male) |
| 13:42 | Build | Farm |
| 13:43 | Build | Farm |
| 13:56 | Build | Farm |
| 14:00 | Build | Farm |
| 14:07 | Build | House |
| 14:20 | Build | Farm |
| 14:22 | Queue | Scout Cavalry |
| 14:23 | Queue | Scout Cavalry |
| 14:23 | Queue | Scout Cavalry |
| 14:32 | Queue | Villager (Male) |
| 14:32 | Queue | Villager (Male) |
| 14:33 | Queue | Villager (Male) |
| 14:38 | Build | Farm |
| 14:50 | Build | House |
| 14:52 | Build | House |
| 14:54 | Build | House |
| 14:57 | Research | Scale Barding Armor |
| 14:58 | Research | Scale Barding Armor |
| 15:16 | Build | Mining Camp |
| 15:17 | Queue | Villager (Male) |
| 15:18 | Queue | Villager (Male) |
| 15:27 | Queue | Scout Cavalry |
| 15:27 | Queue | Scout Cavalry |
| 16:08 | Queue | Villager (Male) |
| 16:19 | Build | Farm |
| 16:28 | Research | Fletching |
| 16:28 | Research | Fletching |
| 16:34 | Build | Farm |
| 17:05 | Build | Watch Tower |
| 17:11 | Queue | Scout Cavalry |
| 17:11 | Queue | Scout Cavalry |
| 17:11 | Queue | Scout Cavalry |
| 17:11 | Queue | Scout Cavalry |
| 17:17 | Queue | Villager (Male) |
| 17:17 | Queue | Villager (Male) |
| 17:22 | Build | Farm |
| 17:24 | Build | Farm |
| 17:52 | Build | Watch Tower |
| 18:11 | Queue | Villager (Male) |
| 18:13 | Queue | Scout Cavalry |
| 18:13 | Queue | Scout Cavalry |
| 18:13 | Queue | Scout Cavalry |
| 18:13 | Queue | Scout Cavalry |
| 18:46 | Build | Watch Tower |
| 18:49 | Queue | Scout Cavalry |
| 18:49 | Queue | Scout Cavalry |
| 18:49 | Queue | Scout Cavalry |
| 19:25 | Queue | Scout Cavalry |
| 19:26 | Queue | Scout Cavalry |
| 19:49 | Build | Watch Tower |
| 20:01 | Build | Watch Tower |
| 20:08 | Queue | Villager (Male) |
| 20:08 | Queue | Villager (Male) |
| 20:10 | Queue | Scout Cavalry |
| 20:11 | Queue | Scout Cavalry |
| 20:11 | Queue | Scout Cavalry |
| 20:17 | Research | Forging |
| 20:17 | Research | Forging |
| 20:19 | Queue | Scout Cavalry |
| 20:19 | Queue | Scout Cavalry |
| 20:19 | Queue | Scout Cavalry |
| 20:20 | Queue | Scout Cavalry |
| 21:15 | Build | Watch Tower |
| 21:28 | Queue | Scout Cavalry |
| 21:28 | Queue | Scout Cavalry |
| 21:28 | Queue | Scout Cavalry |
| 21:28 | Queue | Scout Cavalry |
| 21:29 | Queue | Scout Cavalry |
| 21:35 | Queue | Villager (Male) |
| 21:35 | Queue | Villager (Male) |
| 22:04 | Build | Watch Tower |
| 22:34 | Queue | Spearman |
| 22:35 | Queue | Scout Cavalry |
| 22:35 | Queue | Scout Cavalry |
| 22:36 | Queue | Scout Cavalry |
| 23:10 | Queue | Scout Cavalry |
| 23:10 | Queue | Scout Cavalry |
| 23:10 | Queue | Scout Cavalry |
| 24:41 | Queue | Spearman |
| 24:41 | Queue | Spearman |
Match timeline
| 7:53 | PigeonOnABrick · first_building Barracks |
| 8:53 | PigeonOnABrick · age_up feudal |
| 8:59 | hK | triunFo · first_building Barracks |
| 9:05 | PigeonOnABrick · first_building Archery Range |
| 9:11 | PigeonOnABrick · wall_segment Palisade Wall x2 |
| 9:25 | hK | triunFo · age_up feudal |
| 9:53 | hK | triunFo · first_building Stable |
| 10:31 | PigeonOnABrick · wall_segment Palisade Wall x2 |
| 10:34 | PigeonOnABrick · wall_segment Palisade Wall x9 |
| 11:02 | PigeonOnABrick · wall_segment Palisade Wall x1 |
| 11:05 | PigeonOnABrick · wall_segment Palisade Wall x1 |
| 12:31 | PigeonOnABrick · wall_segment Palisade Wall x4 |
| 12:35 | PigeonOnABrick · wall_segment Palisade Wall x5 |
| 13:34 | PigeonOnABrick · wall_segment Palisade Wall x1 |
| 14:10 | PigeonOnABrick · wall_segment Palisade Wall x6 |
| 14:47 | PigeonOnABrick · wall_segment Palisade Wall x3 |
| 15:17 | PigeonOnABrick · wall_segment Palisade Wall x5 |
| 19:35 | PigeonOnABrick · wall_segment Palisade Wall x2 |
| 20:14 | PigeonOnABrick · first_building Stable |
| 21:10 | PigeonOnABrick · age_up castle |
| 21:18 | PigeonOnABrick · first_building Siege Workshop |
| 24:41 | PigeonOnABrick · first_building Monastery |
| 26:04 | PigeonOnABrick · first_market_sell 100 wood |
| 29:28 | PigeonOnABrick · first_market_buy 100 food |
| 30:49 | PigeonOnABrick · first_building Castle |
| 34:37 | hK | triunFo · age_up castle |
| 36:36 | hK | triunFo · first_building Monastery |
| 36:43 | PigeonOnABrick · wall_segment Palisade Wall x1 |
| 36:51 | hK | triunFo · first_building Castle |
| 42:08 | hK | triunFo · age_up imperial |
| 54:23 | PigeonOnABrick · resign |
[ AI ANALYSIS · 1 CREDIT ]
What really happened in this match?
Wolo.gg analyzes every decision: build order, eco, micro, common mistakes by bracket. Personalized analysis on WhatsApp or Discord in 30 seconds.
Civ guide
Italians
Perfil
Jugador #10657462